 Dungeon Crawl Stone Soup version 0.31-a0-640-g39d97e502b (webtiles) character file.

Game seed: 13596902326098301076

197 qw the Shooter (level 5, 0/32 HPs)
             Began as a Gargoyle Hunter on Aug 27, 2023.
             Slain by an orc
             ... wielding a +0 flail
              (6 damage)
             ... on level 4 of the Dungeon.
             The game lasted 00:01:22 (2785 turns).

qw the Shooter (Gargoyle Hunter)                    Turns: 2785, Time: 00:01:23

Health: 0/32       AC:  9    Str: 14    XL:     5   Next: 75%
Magic:  5/5        EV: 11    Int: 10    God:
Gold:   144        SH:  0    Dex: 15    Spells: 4/4 levels left

rFire   + . .        Y - +1 shortbow
rCold   . . .        (shield currently unavailable)
rNeg    + . .        k - +0 leather armour {rF+}
rPois   inf          h - +0 helmet
rElec   +            (no cloak)
rCorr   .            d - +0 pair of gloves
SInv    .            (no boots)
Will    .....        (no amulet)
Stlth   ++           (no ring)
HPRegen 0.25/turn    (no ring)
MPRegen 0.09/turn

%: no passive effects
@: no status effects
A: sickness immunity, AC +4, negative energy resistance 1, electricity
resistance, torment resistance 1, petrification resistance
a: no special abilities


You were on level 4 of the Dungeon.
You visited 1 branch of the dungeon, and saw 4 of its levels.

You collected 144 gold pieces.


Innate Abilities, Weirdness & Mutations

You are immune to sickness and miasma.
Your stone body is resilient. (AC +4)
You are immune to poison.
You resist negative energy. (rN+)
You are resistant to electric shocks. (rElec)
You are resistant to unholy torment.
You are immune to petrification.


   Skills:
 + Level 3.3 Fighting
 - Level 6.1 Ranged Weapons
 - Level 1.7 Armour
 - Level 1.5 Dodging
 - Level 1.1 Stealth


You had 4 spell levels left.
You didn't know any spells.
Your spell library was empty.

Inventory:

Hand Weapons
 Y - a +1 shortbow (weapon)
Armour
 c - a +0 ring mail
 d - a +0 pair of gloves (worn)
 h - a +0 helmet (worn)
 k - a +0 leather armour of fire resistance (worn)
Scrolls
 a - a scroll of identify
 b - 2 scrolls of immolation {unknown}
Potions
 e - a potion of enlightenment
 f - a potion of heal wounds
 g - a potion of invisibility {unknown}
 i - 2 potions of haste
 j - a potion of mutation
 l - a potion of curing {unknown}

Dungeon Overview and Level Annotations

Branches:
Dungeon (4/15)
 Temple: D:4-7

Altars:
Gozag

Shops:
D:3 :


Message History

The orc priest shouts!
You hear a shout!
Enter note:
Enter note:
2778 ||| Stepping ~*~*~tactically~*~*~ (retreating).
The adder hisses angrily.
Enter note:
Enter note:
Enter note:
Enter note:
Enter note: You shoot an arrow.
The arrow hits the phantom.
The phantom is moderately damaged.
The phantom hits you.
The phantom blinks!
You blink.
You shoot an arrow. The arrow closely misses the phantom.
The phantom barely misses you. The orc hits you with a +0 club.
The orc barely misses you.
You shoot an arrow.
The arrow completely misses the phantom.
The phantom hits you but does no damage.
The orc barely misses you. x2
You shoot an arrow. The arrow hits the phantom.
The phantom is heavily damaged.
The phantom hits you but does no damage.
The orc hits you with a +0 club. The orc completely misses you.
Enter note:
Enter note:
Enter note:
Enter note:
2783 ||| Stepping ~*~*~tactically~*~*~ (retreating).
Enter note:
Enter note: You shoot an arrow.
The arrow barely misses the phantom.
The phantom hits you.
The phantom blinks!
You blink.
The orc hits you with a +0 flail.
The orc priest casts a cantrip, but nothing happens.
The adder misses you.
The phantom hits you but does no damage.
You shoot an arrow. The arrow barely misses the phantom.
The adder bites you. The orc hits you with a +0 flail.
You die...

#.. . #.. .. #.. ...
#.# #####.# ....
#.####o....# ##
.....##.#....#####....
.............o........
.######.#.#..#S########
#.#.#..#.@W.....#
#.#.#..#o##.......
######.#.#..#.# .......
###......#.#<.#.#
.......
..#.######.#..#.#
..S....
....######.#..#.#
.......
##......##.#..#.#
....... #......'..#....
####+#. #......#..# ..


You could see a phantom, an orc priest, an adder and 2 orcs.

Vanquished Creatures
  Ijyb (D:3)
  An orc wizard (D:4)
  Robin (D:2)
  2 adders
  4 worms
  3 dart slugs
  4 orcs (D:4)
  6 ball pythons
  6 endoplasms
  3 giant cockroaches
  20 goblins
  6 hobgoblins
  4 jackals (D:3)
  6 kobolds
  5 quokkas
  8 bats
  6 frilled lizards
  4 rats
90 creatures vanquished.

Notes
Turn   | Place    | Note
-------+----------+-------------------------------------------
     0 | D:1      | qw the Gargoyle Hunter began the quest for the Orb.
     0 | D:1      | Reached XP level 1. HP: 12/12 MP: 1/1
     0 | D:1      | 0 ||| qw: Version: 0.3-a-74-g0d5e918
     0 | D:1      | 0 ||| qw: Game counter: 46
     0 | D:1      | 0 ||| qw: Melee chars always use a shield: true
     0 | D:1      | 0 ||| qw: God list: Okawaru
     0 | D:1      | 0 ||| qw: Allow faded altars: false
     0 | D:1      | 0 ||| qw: Do Orc after clearing Dungeon:15 true
     0 | D:1      | 0 ||| qw: Do second Lair branch before Depths: true
     0 | D:1      | 0 ||| qw: Lair rune preference: random
     0 | D:1      | 0 ||| qw: Goals: Normal
     0 | D:1      | 0 ||| PLANNING D:1-11
    80 | D:1      | Reached XP level 2. HP: 17/17 MP: 2/2
   234 | D:1      | Reached XP level 3. HP: 15/21 MP: 3/3
   342 | D:1      | Reached skill level 5 in Ranged Weapons
   466 | D:1      | 466 ||| UPGRADING to +0 pair of gloves.
   471 | D:1      | 471 ||| DROPPING ring of magical power.
   472 | D:1      | 472 ||| READING 2 scrolls labelled GIKHIR NIYSO.
   473 | D:1      | 473 ||| READING scroll labelled QUOHOE FIBLUV.
   474 | D:1      | 474 ||| READING scroll labelled ETOTHUU JETAF.
   475 | D:1      | 475 ||| DRINKING 2 amethyst potions.
   476 | D:1      | 476 ||| DROPPING scroll of fog.
   477 | D:1      | 477 ||| DROPPING scroll of butterflies.
   478 | D:1      | 478 ||| DROPPING potion of magic.
   708 | D:2      | Reached skill level 3 in Fighting
   743 | D:2      | Reached XP level 4. HP: 28/28 MP: 4/4
   801 | D:2      | Noticed Robin
   803 | D:2      | 803 ||| Stepping ~*~*~tactically~*~*~ (outnumbered).
   819 | D:2      | Killed Robin
  1409 | D:2      | 1409 ||| UPGRADING to +0 helmet.
  1414 | D:2      | 1414 ||| READING 2 scrolls labelled EZOOCU OTZIW.
  1415 | D:2      | 1415 ||| READING scroll labelled IVEGAR LUSAWK.
  1416 | D:2      | 1416 ||| READING scroll labelled KOANKI ZEALATZ.
  1437 | D:2      | 1437 ||| DRINKING 2 murky black potions.
  1482 | D:3      | 1482 ||| STAIRDANCE
  1548 | D:3      | Noticed Ijyb
  1578 | D:3      | Killed Ijyb
  1579 | D:3      | Reached skill level 1 in Armour
  1579 | D:3      | Reached XP level 5. HP: 21/32 MP: 5/5
  1704 | D:3      | Found a faded altar of an unknown god.
  1821 | D:3      | Found an opulent altar of Gozag.
  1824 | D:3      | Found Gozag's Platinum Reserve.
  2063 | D:3      | Found Xylepoek's Book Boutique.
  2408 | D:3      | 2408 ||| UPGRADING to +0 leather armour of fire resistance.
  2418 | D:3      | 2418 ||| DROPPING +0 leather armour.
  2419 | D:3      | 2419 ||| READING scroll labelled ZISTIJ CACS.
  2420 | D:3      | 2420 ||| READING scroll labelled WOKHLO MUON.
  2421 | D:3      | 2421 ||| DRINKING 3 red potions.
  2422 | D:3      | 2422 ||| READING 4 scrolls of identify.
  2422 | D:3      | 2422 ||| IDENTIFYING smoky ruby potion
  2423 | D:3      | 2423 ||| READING 3 scrolls of identify.
  2423 | D:3      | 2423 ||| IDENTIFYING purple potion
  2424 | D:3      | 2424 ||| READING 2 scrolls of identify.
  2424 | D:3      | 2424 ||| IDENTIFYING grey potion
  2425 | D:3      | 2425 ||| DROPPING potion of degeneration.
  2509 | D:4      | Reached skill level 6 in Ranged Weapons
  2765 | D:4      | Noticed a phantom
  2766 | D:4      | 2766 ||| RETREATING.
  2771 | D:4      | 2771 ||| Stepping ~*~*~tactically~*~*~ (retreating).
  2772 | D:4      | 2772 ||| Stepping ~*~*~tactically~*~*~ (retreating).
  2773 | D:4      | 2773 ||| Stepping ~*~*~tactically~*~*~ (retreating).
  2777 | D:4      | 2777 ||| Stepping ~*~*~tactically~*~*~ (retreating).
  2778 | D:4      | 2778 ||| Stepping ~*~*~tactically~*~*~ (retreating).
  2783 | D:4      | 2783 ||| Stepping ~*~*~tactically~*~*~ (retreating).
  2785 | D:4      | HP: 6/32 [adder (3)]
  2785 | D:4      | Slain by an orc

Levels and vault maps discovered:
D:1:      lightli_arrival_flooded_house, layout_rooms, minmay_bisected
D:2:      layout_basic, uniq_robin
D:3:      layout_loops_ring, nicolae_gozag_zags_fifth_avenue, serial_shops,
          shop, nicolae_ecumenical_lake_church, minmay_gold_behind_fungi,
          uniq_crazy_yiuf_cottage, uniq_ijyb
D:4:      layout_basic, uniq_edmund, uniq_eustachio

Skill      XL: |  1  2  3  4  5 |
---------------+----------------+-----
Ranged Weapons | 5 6 |  6.1
Fighting       | 3 |  3.3
Armour         | 1 |  1.7
Dodging        | |  1.5
Stealth        | |  1.1

Action                     |  1- 3 |  4- 6 || total
---------------------------+-------+-------++-------
   Fire: Shortbow          |   141 |   198 ||   339
    Use: Scroll            |     3 |     8 ||    11
         Potion            |     1 |     2 ||     3
 Armour: Leather armour    |    18 |    67 ||    85
  Dodge: Dodged            |    28 |    75 ||   103

Table legend:
 A = Non-vault XP
 B = Vault XP
 C = Vault XP percentage of total XP
 D = Non-vault monster count
 E = Vault monster count
 F = Vault count percentage of total count
                 A         B        C        D         E       F
            +---------+---------+-------+---------+---------+-------
      Total |     214 |      68 |  24.1 |      78 |      12 |  13.3
            +---------+---------+-------+---------+---------+-------
        D:1 |      42 |       4 |   8.7 |      24 |       3 |  11.1
        D:2 |      70 |      28 |  28.6 |      28 |       8 |  22.2
        D:3 |      49 |      36 |  42.4 |      17 |       1 |   5.6
        D:4 |      53 |       0 |   0.0 |       9 |       0 |   0.0
            +---------+---------+-------+---------+---------+-------
